Map: [ESL] Oceanborn

Players

MaxPax

  • Race: Protoss Protoss
  • Spawn Location: 5:00

ShoWTimE - Winner!

  • Race: Protoss Protoss
  • Spawn Location: 11:00

Event: ESL SC2 Masters 2023 Winter (Regional)

VOD

Have the link to the VOD?

Description

Time

  • Played on: Nov. 12, 2023, 1:12 p.m.
  • Length: 17:26

All games in this series

Show
View Real Time Build Order
Export as new Build Order

MaxPax Protoss 

Build Orders: Phoenix Opening, Carriers, Mass Phoenix 

Get SALT Encoding   

  12  0:00  Probe  
  13  0:12  Probe  
  14  0:19  Pylon  
  14  0:24  Probe (Chrono Boost)  
  15  0:37  Gateway, Probe (Chrono Boost)  
  16  0:46  Assimilator, Probe (Chrono Boost)  
  17  0:51  Probe  
  18  1:03  Probe (Chrono Boost)  
  19  1:14  Assimilator  
  19  1:15  Pylon  
  19  1:16  Probe (Chrono Boost)  
  20  1:24  Cybernetics Core, Probe (Chrono Boost)  
  21  1:30  Probe  
  22  1:36  Zealot  
  24  1:42  Probe  
  25  1:54  Probe  
  25  2:00  Stargate  
  26  2:04  Adept  
  28  2:23  Nexus  
  28  2:30  Pylon  
  28  2:32  Probe  
  29  2:42  Phoenix (Chrono Boost)  
  31  2:48  Probe  
  32  2:58  Phoenix (Chrono Boost)  
  32  3:00  Probe  
  35  3:10  Assimilator  
  36  3:12  Probe  
  36  3:20  Phoenix (Chrono Boost)  
  36  3:25  Probe  
  39  3:29  Stargate  
  39  3:35  Probe  
  39  3:37  Probe  
  41  3:44  Phoenix (Chrono Boost)  
  41  3:48  Probe  
  44  3:49  Probe  
  45  3:57  Pylon  
  45  4:00  Probe  
  45  4:01  Assimilator  
  46  4:03  Probe  
  49  4:10  Phoenix (Chrono Boost)  
  49  4:12  Probe  
  52  4:18  Phoenix (Chrono Boost), Probe  
  54  4:24  Probe  
  54  4:30  Probe  
  57  4:32  Phoenix (Chrono Boost)  
  57  4:36  Probe, Pylon  
  58  4:43  Probe  
  61  4:46  Phoenix (Chrono Boost)  
  61  4:48  Probe  
  61  4:50  Pylon  
  62  4:53  Phoenix (Chrono Boost)  
  62  4:58  Probe  
  65  5:00  Probe  
  65  5:06  Phoenix  
  68  5:10  Probe  
  68  5:12  Probe  
  70  5:14  Pylon  
  70  5:16  Phoenix  
  72  5:22  Probe  
  73  5:31  Phoenix  
  73  5:36  Fleet Beacon  
  73  5:47  Phoenix  
  73  5:48  Nexus  
  71  5:57  Phoenix  
  71  6:00  Probe x2  
  75  6:05  Pylon  
  75  6:08  Assimilator  
  75  6:12  Assimilator, Probe x2  
  75  6:13  Phoenix (Chrono Boost)  
  75  6:16  Anion Pulse-Crystals (Chrono Boost)  
  79  6:24  Probe x2  
  83  6:33  Phoenix (Chrono Boost)  
  83  6:36  Probe x2  
  83  6:38  Phoenix (Chrono Boost)  
  87  6:40  Pylon  
  87  6:48  Probe x2  
  91  6:56  Phoenix (Chrono Boost)  
  91  6:57  Phoenix (Chrono Boost)  
  91  7:00  Probe x2  
  95  7:01  Probe  
  95  7:06  Stargate  
  96  7:08  Pylon  
  96  7:12  Probe x2  
  96  7:13  Probe  
  62  7:15  Phoenix (Chrono Boost)  
  99  7:17  Phoenix (Chrono Boost)  
  99  7:20  Pylon  
  103  7:24  Probe x2  
  103  7:26  Probe  
  105  7:35  Phoenix  
  107  7:40  Probe (Chrono Boost)  
  107  7:42  Probe (Chrono Boost)  
  113  7:49  Mothership (Chrono Boost)  
  113  7:51  Nexus  
  114  7:52  Probe (Chrono Boost)  
  114  7:53  Pylon  
  114  7:54  Phoenix (Chrono Boost)  
  114  7:58  Phoenix (Chrono Boost)  
  118  7:59  Probe  
  118  8:01  Probe  
  121  8:07  Shield Battery  
  121  8:08  Phoenix (Chrono Boost)  
  121  8:12  Probe  
  121  8:13  Probe  
  121  8:16  Phoenix (Chrono Boost)  
  121  8:17  Pylon  
  121  8:18  Shield Battery  
  121  8:19  Phoenix (Chrono Boost)  
  124  8:24  Probe (Chrono Boost)  
  124  8:26  Phoenix, Probe (Chrono Boost)  
  116  8:35  Phoenix (Chrono Boost)  
  122  8:42  Phoenix (Chrono Boost), Probe (Chrono Boost)  
  122  8:43  Probe (Chrono Boost)  
  123  8:48  Probe (Chrono Boost)  
  123  8:49  Probe  
  123  8:50  Protoss Air Weapons Level 1, Pylon  
  123  8:51  Robotics Facility  
  123  8:53  Probe  
  123  8:55  Phoenix (Chrono Boost)  
  125  8:58  Assimilator  
  125  8:59  Assimilator  
  125  9:00  Probe  
  125  9:01  Probe  
  131  9:05  Probe  
  131  9:06  Phoenix (Chrono Boost)  
  131  9:08  Pylon  
  131  9:09  Phoenix (Chrono Boost)  
  134  9:10  Probe  
  134  9:12  Probe  
  134  9:15  Pylon  
  134  9:16  Phoenix  
  138  9:19  Pylon  
  138  9:20  Probe x2  
  138  9:22  Probe  
  141  9:28  Pylon  
  141  9:32  Phoenix, Pylon  
  141  9:38  Phoenix (Chrono Boost)  
  141  9:41  Phoenix (Chrono Boost)  
  131  9:51  Probe  
  122  9:55  Observer (Chrono Boost)  
  122  9:58  Probe  
  122  9:59  Probe  
  121  10:03  Phoenix (Chrono Boost)  
  121  10:04  Phoenix (Chrono Boost), Probe x2  
  121  10:06  Stargate  
  127  10:07  Phoenix (Chrono Boost)  
  127  10:12  Carrier (Chrono Boost), Probe  
  127  10:13  Probe  
  127  10:23  Probe  
  127  10:26  Probe  
  127  10:27  Carrier (Chrono Boost)  
  141  10:31  Phoenix  
  141  10:34  Nexus  
  143  10:38  Pylon  
  150  10:46  Mothership (Chrono Boost)  
  150  10:47  Probe (Chrono Boost)  
  150  10:49  Probe (Chrono Boost), Phoenix  
  153  10:53  Probe (Chrono Boost)  
  156  10:58  Phoenix (Chrono Boost), Probe  
  156  10:59  Cybernetics Core, Probe  
  156  11:00  Protoss Air Weapons Level 2 (Chrono Boost)  
  158  11:04  Zealot  
  158  11:09  Forge  
  160  11:14  Phoenix (Chrono Boost)  
  167  11:21  Carrier (Chrono Boost)  
  171  11:33  Probe  
  171  11:35  Assimilator  
  171  11:38  Carrier (Chrono Boost)  
  172  11:41  Pylon  
  172  11:43  Pylon  
  165  11:48  Phoenix (Chrono Boost)  
  163  11:54  Observer (Chrono Boost)  
  163  11:59  Sentry  
  163  12:00  Probe x2  
  168  12:03  Carrier (Chrono Boost)  
  168  12:04  Assimilator  
  168  12:05  Phoenix (Chrono Boost)  
  170  12:09  Phoenix (Chrono Boost)  
  170  12:12  Observer (Chrono Boost), Probe  
  174  12:15  Pylon  
  174  12:16  Protoss Air Armor Level 1 (Chrono Boost)  
  174  12:18  Nexus  
  174  12:21  Phoenix (Chrono Boost)  
  176  12:32  Phoenix (Chrono Boost)  
  176  12:34  Probe  
  176  12:35  Phoenix (Chrono Boost)  
  175  12:41  Phoenix (Chrono Boost)  
  180  13:00  Carrier (Chrono Boost)  
  194  13:10  Carrier x2 (Chrono Boost)  
  194  13:18  Photon Cannon  
  194  13:20  Photon Cannon  
  194  13:21  Photon Cannon  
  194  13:23  Photon Cannon x2  
  194  13:24  Shield Battery  
  194  13:25  Photon Cannon  
  194  13:26  Shield Battery  
  194  13:27  Pylon  
  194  13:28  Observer  
  194  13:30  Sentry  
  197  13:37  Pylon  
  197  13:38  Pylon  
  195  14:09  Pylon  
  195  14:13  Pylon  
  195  14:14  Carrier (Chrono Boost)  
  196  14:33  Pylon  
  190  14:46  Carrier (Chrono Boost)  
  184  14:58  Carrier (Chrono Boost)  
  170  15:15  Phoenix (Chrono Boost)  
  170  15:20  Stargate  
  166  15:22  Stargate  
  166  15:23  Stargate  
  168  15:29  Probe x2 (Chrono Boost)  
  168  15:34  Mothership (Chrono Boost)  
  157  15:40  Phoenix (Chrono Boost)  
  149  15:55  Stargate  
  137  15:57  Pylon, Phoenix (Chrono Boost)  
  132  16:18  Pylon  
  124  16:29  Photon Cannon  
  112  17:10  Gateway  
Show
View Real Time Build Order
Export as new Build Order

ShoWTimE Protoss - Winner!

Build Orders: Phoenix Opening, Carriers, Mass Phoenix 

Get SALT Encoding   

  12  0:00  Probe  
  13  0:12  Probe  
  14  0:17  Pylon  
  14  0:24  Probe (Chrono Boost)  
  15  0:35  Gateway  
  15  0:36  Probe (Chrono Boost)  
  16  0:44  Probe (Chrono Boost)  
  16  0:45  Assimilator  
  17  0:50  Probe  
  18  1:03  Probe  
  19  1:15  Probe (Chrono Boost)  
  19  1:16  Assimilator  
  19  1:17  Pylon  
  20  1:22  Cybernetics Core  
  20  1:25  Probe (Chrono Boost)  
  21  1:30  Probe (Chrono Boost)  
  22  1:35  Zealot  
  22  1:39  Pylon  
  24  1:41  Probe  
  25  1:53  Probe  
  26  1:59  Stargate  
  26  2:03  Adept  
  28  2:22  Nexus  
  28  2:28  Pylon  
  28  2:32  Probe  
  29  2:41  Phoenix (Chrono Boost)  
  31  2:47  Probe  
  32  2:57  Phoenix (Chrono Boost)  
  32  2:59  Probe  
  35  3:11  Probe  
  36  3:13  Assimilator  
  36  3:19  Phoenix (Chrono Boost)  
  36  3:23  Probe  
  39  3:31  Stargate  
  39  3:35  Probe x2  
  41  3:44  Phoenix  
  41  3:47  Probe (Chrono Boost)  
  45  3:50  Probe (Chrono Boost)  
  45  3:59  Probe (Chrono Boost)  
  45  4:00  Pylon  
  47  4:03  Probe (Chrono Boost)  
  47  4:04  Probe (Chrono Boost)  
  50  4:10  Phoenix (Chrono Boost)  
  50  4:11  Probe  
  50  4:14  Assimilator  
  50  4:16  Phoenix (Chrono Boost)  
  53  4:19  Probe  
  53  4:23  Probe  
  55  4:31  Probe  
  56  4:34  Pylon  
  58  4:40  Phoenix (Chrono Boost)  
  58  4:41  Phoenix (Chrono Boost)  
  58  4:43  Pylon  
  58  4:45  Probe x2  
  62  4:56  Phoenix (Chrono Boost)  
  62  4:57  Probe  
  67  5:04  Phoenix (Chrono Boost)  
  67  5:06  Probe  
  68  5:09  Probe  
  69  5:14  Phoenix (Chrono Boost)  
  69  5:15  Pylon  
  69  5:18  Probe  
  72  5:27  Probe  
  73  5:30  Probe, Phoenix (Chrono Boost)  
  73  5:33  Phoenix (Chrono Boost)  
  76  5:43  Pylon  
  76  5:46  Fleet Beacon  
  76  5:54  Phoenix (Chrono Boost)  
  76  5:58  Nexus  
  76  6:00  Pylon, Probe  
  76  6:03  Probe  
  80  6:11  Shield Battery  
  80  6:12  Probe  
  80  6:14  Phoenix (Chrono Boost)  
  80  6:15  Probe  
  80  6:18  Assimilator, Phoenix (Chrono Boost)  
  82  6:25  Anion Pulse-Crystals (Chrono Boost), Assimilator, Probe  
  85  6:27  Probe  
  86  6:35  Pylon  
  86  6:37  Probe  
  86  6:39  Probe, Phoenix  
  90  6:45  Phoenix  
  92  6:49  Probe  
  92  6:51  Probe  
  92  7:01  Probe  
  92  7:03  Probe  
  92  7:04  Phoenix  
  96  7:10  Stargate  
  96  7:11  Probe  
  96  7:13  Probe  
  96  7:15  Probe, Phoenix (Chrono Boost)  
  101  7:23  Probe  
  101  7:25  Probe  
  101  7:27  Probe  
  101  7:28  Zealot  
  106  7:30  Phoenix (Chrono Boost)  
  106  7:35  Probe  
  108  7:38  Pylon, Probe  
  108  7:39  Phoenix (Chrono Boost)  
  108  7:41  Probe  
  112  7:47  Probe  
  115  7:52  Probe  
  115  7:53  Phoenix x2 (Chrono Boost)  
  120  8:02  Phoenix (Chrono Boost)  
  120  8:09  Phoenix (Chrono Boost)  
  120  8:10  Phoenix  
  124  8:19  Phoenix  
  126  8:20  Probe  
  123  8:32  Nexus  
  119  8:34  Phoenix (Chrono Boost)  
  119  8:35  Phoenix (Chrono Boost)  
  119  8:36  Robotics Facility, Assimilator  
  119  8:38  Assimilator  
  121  8:41  Forge  
  121  8:46  Mothership (Chrono Boost)  
  129  8:48  Pylon x2  
  129  8:50  Probe x2 (Chrono Boost)  
  129  8:51  Pylon  
  131  8:56  Probe x2 (Chrono Boost), Phoenix (Chrono Boost)  
  131  9:00  Pylon  
  131  9:02  Pylon  
  133  9:06  Phoenix (Chrono Boost)  
  133  9:08  Phoenix (Chrono Boost)  
  138  9:14  Probe (Chrono Boost)  
  138  9:15  Phoenix  
  140  9:18  Nexus  
  140  9:23  Observer (Chrono Boost)  
  140  9:26  Shield Battery, Phoenix  
  140  9:27  Shield Battery  
  142  9:31  Phoenix  
  140  9:40  Phoenix  
  124  9:51  Phoenix  
  114  9:56  Phoenix, Probe x3  
  119  10:03  Pylon  
  119  10:05  Assimilator, Phoenix  
  121  10:10  Probe  
  121  10:12  Cybernetics Core  
  122  10:16  Cybernetics Core, Phoenix  
  122  10:19  Probe  
  122  10:20  Protoss Shields Level 1 (Chrono Boost), Protoss Air Weapons Level 1 (Chrono Boost), Probe x2  
  127  10:21  Phoenix  
  127  10:22  Probe  
  130  10:30  Phoenix (Chrono Boost)  
  130  10:37  Stargate  
  130  10:40  Probe  
  130  10:41  Assimilator, Phoenix (Chrono Boost)  
  133  10:44  Pylon  
  133  10:47  Photon Cannon  
  133  10:48  Photon Cannon x2  
  133  10:49  Shield Battery  
  135  10:52  Observer  
  135  10:53  Phoenix x2 (Chrono Boost)  
  138  11:02  Carrier (Chrono Boost), Probe x2  
  138  11:03  Probe x2  
  148  11:06  Protoss Air Armor Level 1 (Chrono Boost)  
  148  11:11  Carrier (Chrono Boost)  
  148  11:12  Photon Cannon x2  
  148  11:14  Pylon  
  154  11:23  Carrier (Chrono Boost)  
  160  11:26  Carrier (Chrono Boost)  
  160  11:27  Probe  
  164  11:38  Pylon  
  164  11:40  Stargate  
  164  11:44  Pylon  
  148  11:53  Pylon  
  142  11:58  Carrier (Chrono Boost)  
  154  12:12  Protoss Air Weapons Level 2 (Chrono Boost)  
  154  12:14  Pylon  
  160  12:16  Carrier (Chrono Boost)  
  160  12:18  Twilight Council  
  160  12:22  Pylon  
  160  12:24  Mothership  
  160  12:29  Nexus, Carrier (Chrono Boost)  
  165  12:38  Carrier (Chrono Boost)  
  165  12:50  Observer (Chrono Boost)  
  172  12:53  Carrier (Chrono Boost)  
  172  12:55  Protoss Shields Level 2 (Chrono Boost)  
  170  12:59  Protoss Air Armor Level 2 (Chrono Boost)  
  176  13:07  Carrier (Chrono Boost)  
  176  13:12  Pylon  
  176  13:16  Assimilator  
  176  13:17  Carrier (Chrono Boost)  
  176  13:18  Assimilator  
  182  13:26  Carrier (Chrono Boost)  
  188  13:31  Photon Cannon  
  188  13:35  Photon Cannon  
  188  13:36  Carrier (Chrono Boost), Photon Cannon  
  188  13:38  Shield Battery  
  194  13:48  Sentry  
  196  14:02  Stargate  
  196  14:07  Shield Battery  
  198  14:32  Carrier (Chrono Boost)  
  197  14:47  Protoss Air Weapons Level 3 (Chrono Boost)  
  197  14:51  Carrier (Chrono Boost)  
  194  15:04  Carrier (Chrono Boost)  
  196  15:08  Carrier (Chrono Boost)  
  200  15:18  Carrier (Chrono Boost)  
  196  15:33  Nexus  
  196  15:46  Observer  
  191  16:21  Stargate  
  191  16:22  Stargate  
  191  16:25  Observer, Stargate  
  195  17:09  Pylon  
  195  17:13  Pylon  
Tags
 
Add a new tag
Caveats
  • Supply blocks, unpowered buildings, or Contaminate may cause inaccurate times.
  • Supply counts are checked every 10 seconds.